Map: Rifts to Korhal

Players

ZPR

  • Race: Zerg Zerg
  • League: Master
  • Spawn Location: 7:00

zpr

  • Race: Terran Terran
  • Spawn Location: 7:00

VOD

Have the link to the VOD?

Description

Time

  • Played on: March 7, 2018, 9:42 a.m.
  • Length: 12:34
Show
View Real Time Build Order
Export as new Build Order

ZPR Zerg 

Build Orders:  

Get SALT Encoding   

  12  0:06  Drone  
  13  0:11  Drone  
  14  0:25  Overlord  
  14  0:35  Drone, Extractor  
  14  0:42  Drone, Extractor  
  14  0:50  Drone  
  15  1:03  Drone  
  16  1:17  Drone  
  17  1:25  Spawning Pool  
  16  1:33  Drone  
  17  1:46  Drone  
  18  1:57  Lair  
  18  2:05  Drone  
  19  2:16  Drone  
  20  2:25  Evolution Chamber  
  19  2:31  Zergling x2  
  20  2:47  Overlord  
  20  3:06  Drone  
  21  3:11  Nydus Network  
  21  3:15  Chain Reaction  
  20  3:24  Drone  
  21  3:32  Drone  
  22  3:47  Drone  
  23  3:55  Hive  
  23  3:59  Zergling x2  
  23  4:12  Heroic Fortitude  
  23  4:14  Metabolic Boost  
  23  4:29  Drone  
  24  4:32  Hatchery  
  24  4:37  Overlord  
  24  4:39  Zerg Melee Weapons Level 1  
  23  4:44  Omega Worm  
  23  5:00  Zergling x4  
  23  5:02  Adrenal Overload  
  25  5:13  Zergling x2  
  25  5:14  Queen  
  28  5:25  Zergling x2  
  28  5:26  Shredding Claws  
  29  5:41  Zergling x4  
  29  5:43  Ability Efficiency  
  31  6:02  Hardened Carapace, Zergling x6  
  31  6:06  Overlord  
  34  6:23  Zergling x5  
  34  6:24  Zergling x13  
  34  6:25  Zergling x3  
  34  6:26  Zergling x2  
  34  6:27  Zergling x4  
  36  6:43  Zergling x4  
  38  6:50  Zergling x2  
  38  6:51  Zergling x10  
  38  6:53  Zergling x6  
  38  6:54  Zergling x6  
  38  6:55  Zergling x8  
  38  6:56  Zergling x2  
  38  6:57  Nydus Network, Zergling x4  
  38  6:58  Zergling x7  
  38  6:59  Zergling x2  
  43  7:00  Zergling x6  
  43  7:01  Zergling x2  
  43  7:03  Zergling  
  43  7:06  Zerg Melee Weapons Level 2  
  43  7:17  Zergling x15  
  43  7:18  Zergling x3  
  43  7:19  Zergling  
  43  7:20  Zergling  
  43  7:21  Omega Worm, Zergling x3  
  43  7:22  Zergling x4  
  43  7:23  Zergling x2  
  43  7:26  Zergling x6  
  43  7:27  Zergling x4  
  43  7:28  Zergling x13  
  43  7:29  Zergling  
  47  7:30  Zergling x3  
  47  7:31  Zergling x3  
  47  7:32  Zergling x2  
  47  7:33  Zergling x2  
  47  7:34  Zergling  
  47  7:41  Zergling x8  
  47  7:42  Zergling x2  
  52  8:02  Overlord  
  52  8:03  Overlord  
  52  8:22  Omega Worm, Nydus Network  
  52  8:29  Zergling x4  
  51  8:30  Zergling x16  
  51  8:31  Zergling x20  
  51  8:32  Zergling x15  
  51  8:33  Zergling x16  
  51  8:34  Zergling x10  
  51  8:35  Zergling x14  
  51  8:36  Zergling x10  
  51  8:37  Zergling x21  
  51  8:38  Zergling x5  
  51  8:39  Zergling x4  
  56  8:40  Zergling x4  
  56  8:41  Zergling x6  
  56  8:42  Zergling x9  
  56  8:43  Zergling  
  56  8:44  Zergling x3  
  56  8:46  Zergling x13  
  56  8:47  Zergling x22  
  56  8:48  Zergling x4  
  56  8:49  Zergling x11  
  56  8:50  Zergling x11  
  56  8:51  Zergling x7  
  56  8:52  Zergling x11  
  56  8:53  Zergling x20  
  56  8:54  Zergling x9  
  56  8:55  Zergling x4  
  56  8:56  Zergling  
  56  8:57  Zergling  
  56  8:58  Zergling  
  56  8:59  Zergling  
  62  9:09  Zergling x2  
  63  9:10  Zerg Melee Weapons Level 3, Zergling x6  
  63  9:19  Zergling x2  
  67  9:20  Zergling x2  
  67  9:23  Overlord  
  67  9:31  Zergling  
  67  9:32  Zergling x12  
  67  9:33  Zergling x11  
  67  9:34  Zergling x5  
  67  9:35  Zergling  
  67  9:36  Omega Worm, Zergling  
  67  9:37  Zergling  
  67  9:38  Zergling  
  67  9:39  Zergling  
  67  9:45  Zergling x6  
  67  9:47  Zergling  
  67  9:48  Zergling x4  
  67  9:49  Zergling x19  
  72  9:50  Zergling x9  
  72  9:51  Zergling x3  
  72  9:52  Zergling x4  
  72  9:53  Zergling  
  72  9:54  Zergling x2  
  72  9:55  Zergling x8  
  72  9:56  Zergling  
  67  10:10  Zergling x10  
  67  10:11  Zergling x17  
  67  10:12  Zergling x3  
  67  10:13  Zergling  
  67  10:14  Zergling  
  67  10:15  Zergling  
  67  10:16  Zergling x5  
  67  10:17  Zergling  
  67  10:18  Zergling  
  65  10:21  Zergling  
  65  10:26  Zergling x3  
  65  10:27  Zergling  
  65  10:28  Zergling x10  
  65  10:29  Zergling x24  
  64  10:30  Zergling x8  
  64  10:31  Omega Worm, Zergling x3  
  64  10:32  Zergling x9  
  64  10:34  Zergling x2  
  64  10:36  Zergling  
  64  10:38  Zergling x2  
  64  10:39  Zergling x4  
  63  10:40  Zergling  
  63  10:41  Zergling  
  63  10:43  Zergling x12  
  63  10:46  Zergling x4  
  63  10:47  Zergling x4  
  63  10:48  Overlord  
  63  10:49  Zergling  
  66  10:50  Omega Worm  
  66  10:51  Zergling x19  
  66  10:52  Zergling  
  66  10:53  Zergling x4  
  66  10:54  Zergling  
  66  10:55  Zergling x4  
  66  10:56  Zergling  
  66  10:57  Zergling x11  
  66  10:58  Zergling x17  
  66  10:59  Zergling x11  
  67  11:00  Zergling x4  
  58  11:01  Zergling x6  
  58  11:02  Zergling  
  58  11:03  Zergling x4  
  58  11:05  Zergling  
  58  11:09  Zergling x4  
  47  11:21  Zergling x4  
  34  11:31  Zergling x8  
  34  11:32  Omega Worm, Zergling x4  
  34  11:35  Zergling x7  
  34  11:36  Zergling x3  
  34  11:37  Zergling x4  
  34  11:38  Zergling x4  
  30  11:42  Omega Worm  
Show
View Real Time Build Order
Export as new Build Order

zpr Terran 

Build Orders:  

Get SALT Encoding   

Tags
 
League
Master
Matchup
Co-op
Replay Pack
Co-op Speedrun
Add a new tag
Caveats
  • Supply blocks, unpowered buildings, or Contaminate may cause inaccurate times.
  • Supply counts are checked every 10 seconds.